 Dungeon Crawl Stone Soup version 0.28-a0-1348-g050f3537b9 (webtiles) character file.

Game seed: 14795410260852157082

2 Deminshera the Skirmisher (level 1, -1/14 HPs)
             Began as a Gargoyle Fighter on Dec 30, 2021.
             Frozen to death by an endoplasm (5 damage)
             ... on level 1 of the Dungeon.
             The game lasted 00:00:21 (53 turns).

Deminshera the Skirmisher (Gargoyle Fighter)          Turns: 53, Time: 00:00:22

Health: -1/14      AC:  9    Str: 19    XL:     1   Next: 40%
Magic:  1/1        EV:  9    Int:  8    God:
Gold:   40         SH:  4    Dex:  9    Spells: 0/0 levels left

rFire   . . .      SeeInvis .   a - +0 flail
rCold   . . .      Faith    .   c - +0 buckler
rNeg    + . .      Spirit   .   b - +0 scale mail
rPois   ∞          Reflect  .   (no helmet)
rElec   +          Harm     .   (no cloak)
rCorr   .          Rampage  .   (no gloves)
Will    .....                   (no boots)
Stlth   ..........              (no amulet)
HPRegen 0.04/turn               (no ring)
MPRegen 0.07/turn               (no ring)

@: very slow
A: sickness immunity, AC +2, negative energy resistance 1, electricity
resistance, torment resistance 1, petrification resistance
a: no special abilities


You were on level 1 of the Dungeon.
You visited 1 branch of the dungeon, and saw 1 of its levels.

You collected 40 gold pieces.

Inventory:

Hand Weapons
 a - a +0 flail (weapon)
Armour
 b - a +0 scale mail (worn)
 c - a +0 buckler (worn)
Potions
 d - a potion of might


   Skills:
 + Level 3.3 Fighting
 * Level 2.1 Maces & Flails
 - Level 3.2 Armour
 + Level 3.3 Shields


You couldn't memorise any spells.
You didn't know any spells.
Your spell library was empty.

Dungeon Overview and Level Annotations

Branches:
Dungeon (1/15)

Altars:


Innate Abilities, Weirdness & Mutations

You are immune to sickness and miasma.
Your stone body is resilient. (AC +2)
You are immune to poison.
You resist negative energy. (rN+)
You are resistant to electric shocks. (rElec)
You are resistant to unholy torment.
You are immune to petrification.


Message History

You now have 40 gold pieces (gained 6).
You enter the shallow water.
Moving in this stuff is going to be slow.
Found 16 stones.
Found 19 stones.
A dart slug comes into view.
A dart slug is nearby!
A dart slug is nearby!
An endoplasm comes into view.
The endoplasm quivers.
An endoplasm comes into view.
The endoplasm quivers.
You completely miss the dart slug. The dart slug barely misses you.
You hit the dart slug.
The dart slug is heavily wounded.
The endoplasm jiggles.
The dart slug splashes around in the water.
You thump the dart slug!
You kill the dart slug!
Your unstable footing causes you to fumble your attack.
The endoplasm splashes around in the water.
Your unstable footing causes you to fumble your attack.
The endoplasm splashes around in the water.
You hit the endoplasm.
The endoplasm is heavily wounded.
The endoplasm splashes around in the water. x2
The endoplasm freezes you.
You are frozen.
Your unstable footing causes you to fumble your attack.
The endoplasm hits you but does no damage.
The endoplasm jiggles.
The endoplasm freezes you.
You are frozen.
* * * LOW HITPOINT WARNING * * *
The endoplasm barely misses you.
You sock the endoplasm!
You kill the endoplasm!
The endoplasm freezes you.
You are frozen.
You die...

##.###.#.#
#####...#..#.######
#.............^.....
#####.♣≈♣♣♣≈########
#≈≈P≈♣≈≈♣###
#≈≈≈≈P≈P≈≈≈♣♣
#♣≈≈≈≈≈≈≈≈P≈♣
#♣≈≈≈≈≈≈≈≈≈≈≈≈≈
♣≈≈P≈@≈≈≈≈≈P≈≈≈
♣.≈..≈J≈≈P≈≈P≈≈
...(.$....≈.≈≈≈≈♣
.......(........#
≈≈≈≈≈...........#
♣≈♣P≈≈P≈≈≈.≈..... .
♣♣≈≈PP≈≈≈≈≈≈##
♣≈P≈P♣≈≈≈≈##


You could see an endoplasm.

Vanquished Creatures
  A dart slug (D:1)
  An endoplasm (D:1)
2 creatures vanquished.

Notes
Turn   | Place    | Note
-------+----------+-------------------------------------------
     0 | D:1      | Deminshera the Gargoyle Fighter began the quest for the
                  | Orb.
     0 | D:1      | Reached XP level 1. HP: 14/14 MP: 1/1
    53 | D:1      | Frozen to death by an endoplasm

Illustrated notes

Levels and vault maps discovered:
D:1:      nzn_arrival_settlement, layout_loops_ring, serial_bayou_ford_a

Action                   || total
-------------------------++-------
Melee: Flail             ||     8
Armor: Scale mail        ||     1
Dodge: Dodged            ||     2

Table legend: (Time is in decaauts)
 A = Elapsed time spent in this place.
 B = Non-inter-level travel time spent in this place.
 C = Inter-level travel time spent in this place.
 D = Time resting spent in this place.
 E = Time spent auto-exploring this place.
 F = Levels seen in this place.
 G = Mean time per level.
                   A        B        C        D        E       F      G
               +--------+--------+--------+--------+--------+-----+--------+
         Total |     58 |     58 |      0 |      0 |     40 |   1 |   58.0 |
       Dungeon |     58 |     58 |      0 |      0 |     40 |   1 |   58.0 |
               +--------+--------+--------+--------+--------+-----+--------+

Top non-repeatable levels by time:
     D:1: 58 daAuts
